Description

Check Ryu's guide

VOD

https://youtu.be/i5DG41Ul0p0

Replay - A.I. 1 (Very Easy) v Cyanine - Deathaura LE

Build Order

Get SALT Encoding   

  12  0:00  SCV  
  13  0:12  SCV  
  14  0:17  Supply Depot  
  14  0:25  SCV  
  15  0:39  SCV  
  15  0:41  Barracks  
  16  0:43  Refinery  
  16  0:51  SCV  
  17  1:03  SCV  
  18  1:15  SCV  
  19  1:29  Orbital Command, Reaper  
  20  1:39  Command Center  
  20  1:47  Supply Depot  
  20  1:54  SCV  
  20  2:00  Marine  
  22  2:07  SCV  
  22  2:08  Factory  
  23  2:16  Bunker  
  23  2:19  SCV  
  23  2:20  Barracks Reactor  
  24  2:24  Refinery  
  26  2:51  Orbital Command  
  26  2:52  Hellion  
  26  2:57  Starport  
  26  2:58  Marine x2  
  32  3:14  Factory Tech Lab  
  32  3:19  Marine x2, Supply Depot  
  38  3:35  Barracks  
  38  3:37  Marine x2  
  38  3:39  Factory Tech Lab  
  40  3:44  Raven  
  44  3:48  Supply Depot  
  44  3:55  Marine x2  
  48  4:05  Refinery, Siege Tank  
  51  4:14  Marine, Supply Depot  
  55  4:22  Barracks  
  57  4:34  Stimpack  
  57  4:36  Engineering Bay  
  62  4:43  Siege Tank  
  65  4:50  Starport Reactor  
  70  5:02  Terran Infantry Weapons Level 1  
  75  5:17  Refinery  
  77  5:27  Factory Reactor  
  78  5:30  Combat Shield  
  78  5:33  Marauder x2  
  85  5:46  Medivac  
  86  5:58  Medivac  
  86  5:59  Marauder x2  
  93  6:05  Widow Mine x2  
  98  6:17  Medivac  
  101  6:22  Marauder x2  
  105  6:28  Medivac  
  108  6:36  Command Center  
  110  6:41  Barracks x2  
  110  6:43  Marauder x2, Widow Mine x2  
  122  6:56  Medivac x2  
  126  7:07  Marauder x2  
  132  7:10  Widow Mine x2  
  138  7:23  Terran Infantry Armor Level 1  
  139  7:33  Barracks Tech Lab  
  147  7:48  Orbital Command  
  147  7:53  Barracks Reactor, Concussive Shells  
  154  8:00  Ghost Academy  
  160  8:05  Widow Mine x2  
  160  8:07  Medivac x2  
  165  8:28  Engineering Bay  
  165  8:29  Armory  
  165  8:32  Refinery x2  
  165  8:36  Enhanced Shockwaves  
  165  8:41  Ghost x2  
  176  8:53  Ghost  
  182  9:04  Command Center  
  188  9:17  Terran Infantry Weapons Level 2, Terran Infantry Armor Level 2  
  191  9:25  Ghost  
  192  9:34  Bunker  
  196  9:41  Terran Ship Weapons Level 1  
Spawning Tool Build Advisor. Get it on Overwolf

Analysis

Check Ryu's guide

Go to:

Details

  • Created by: Zarmoxis
  • Published on: Sep 25, 2020
  • Modified on: Sep 25, 2020
  • Patch: 4.11.0
  • Difficulty: Medium
Show
View Real Time Build Order
Export as new Build Order

Comments (0)

There are no comments. Be the first!

Create an account to comment!